 Dungeon Crawl Stone Soup version 0.27.1-35-g4d5d836560 (webtiles) character file.

Game seed: 8403360145775644060

94035 Froggeryz the Nimble (level 16, -11/112 HPs)
             Began as an Octopode Brigand on July 21, 2022.
             Was an Initiate of Gozag.
             Mangled by a two-headed ogre (32 damage)
             ... on level 14 of the Dungeon on July 22, 2022.
             The game lasted 00:52:47 (40537 turns).

Froggeryz the Nimble (Octopode Brigand)            Turns: 40537, Time: 00:52:47

Health: -11/112    AC:  1    Str: 19    XL:     16   Next: 10%
Magic:  28/28      EV: 24    Int: 29    God:    Gozag
Gold:   2383       SH: 11    Dex: 23    Spells: 14/19 levels left

rFire    + . .     SeeInvis +   K - +5 short sword (freeze)
rCold    + . .     Faith    .   f - +0 buckler
rNeg     + . .     Spirit   .   (helmet restricted)
rPois    +         Reflect  +   e - amulet of reflection
rElec    .         Harm     .   i - ring of Peires {rPois rF+ rN+}
rCorr    +         Rampage  .   H - +6 ring of intelligence
Will     +++..                  G - ring of willpower
Stlth    ++++++....             t - +6 ring of strength
HPRegen  0.28/turn              g - ring "Ricawn" {Will+ rCorr MP+9}
MPRegen  0.21/turn              N - +6 ring of intelligence
                                O - +6 ring of dexterity
                                o - ring of Voeshyuto {Fly rC+ Int+3 SInv}

@: flying
A: almost no armour, amphibious, 8 rings, camouflage 1, gelatinous body 1,
(nimble swimmer 1), tentacles
a: Renounce Religion, Potion Petition, Call Merchant, Bribe Branch


You were on level 14 of the Dungeon.
You worshipped Gozag.
Gozag was most pleased with you.
You visited 3 branches of the dungeon, and saw 22 of its levels.

You collected 7932 gold pieces.
You spent 3686 gold pieces at shops.
You paid 1863 gold pieces to Gozag.

Inventory:

Hand Weapons
 q - the +6 short sword of Latiss {holy, rN+ MP+9 Dex+4}
   (You bought it in a shop on level 2 of the Lair of Beasts)

   It has been blessed by the Shining One to cause great damage to the undead
   and demons.
   Dex:       It affects your dexterity (+4).
   rN:        It protects you from negative energy.
   MP:        It affects your magic capacity (+9).
 K - a +5 short sword of freezing (weapon)
 Q - a +0 dagger of venom
 S - a +4 vorpal broad axe
 Y - the +2 war axe of Conflict {vamp, rN+ rCorr}
   (You found it on level 11 of the Dungeon)

   It occasionally heals its wielder for a portion of the damage dealt when it
   wounds a living foe.
   rN:        It protects you from negative energy.
   rCorr:     It protects you from acid and corrosion.
Missiles
 b - 33 poisoned darts (quivered)
 c - 9 curare-tipped darts
 h - 4 javelins
 r - 25 boomerangs
 v - 3 silver boomerangs
Armour
 f - a +0 buckler (worn)
Jewellery
 e - an amulet of reflection (around mantle)
 g - the ring "Ricawn" (on tentacle) {Will+ rCorr MP+9}
   (You acquired it on level 8 of the Dungeon)

   [ring of magical power]

   MP:        It affects your magic capacity (+9).
   rCorr:     It protects you from acid and corrosion.
   Will:      It increases your willpower.
 i - the ring of Peires (left tentacle) {rPois rF+ rN+}
   (You bought it in a shop on level 3 of the Lair of Beasts)

   [ring of positive energy]

   rF:        It protects you from fire.
   rPois:     It protects you from poison.
   rN:        It protects you from negative energy.
 o - the ring of Voeshyuto (on tentacle) {Fly rC+ Int+3 SInv}
   (You bought it in a shop on level 3 of the Lair of Beasts)

   [ring of flight]

   Int:       It affects your intelligence (+3).
   rC:        It protects you from cold.
   SInv:      It lets you see invisible.
   Fly:       It grants you flight.
 t - a +6 ring of strength (on tentacle)
 G - a ring of willpower (on tentacle)
 H - a +6 ring of intelligence (right tentacle)
 N - a +6 ring of intelligence (on tentacle)
 O - a +6 ring of dexterity (on tentacle)
 T - the ring of Xeick {Fire Dex+2 Stlth+}
   (You found it on level 10 of the Dungeon)

   [ring of fire]

   It enhances your fire magic.
   Dex:       It affects your dexterity (+2).
   rF:        It protects you from fire.
   rC:        It makes you vulnerable to cold.
   Stlth:     It makes you more stealthy.
 Z - a ring of protection from fire
Wands
 a - a wand of digging (19)
 j - a wand of charming (9)
 s - a wand of iceblast (35)
 x - a wand of flame (25)
 U - a wand of polymorph (30)
 V - a wand of mindburst (24)
Scrolls
 k - 5 scrolls of magic mapping
 l - a scroll of enchant armour
 m - 2 scrolls of identify
 w - 2 scrolls of holy word
 y - 3 scrolls of teleportation
 z - 2 scrolls of silence
 C - a scroll of fog
 D - 6 scrolls of amnesia
 F - 2 scrolls of blinking
 I - 2 scrolls of immolation
 L - 7 scrolls of enchant weapon
Potions
 d - 4 potions of resistance
 n - a potion of curing
 p - 2 potions of brilliance
 u - 2 potions of might {unknown}
 A - 4 potions of attraction
 B - 4 potions of haste
 E - 3 potions of mutation
 J - 7 potions of ambrosia
 M - 4 potions of flight {unknown}
 P - a potion of invisibility {unknown}
 W - a potion of cancellation
Miscellaneous
 R - a lightning rod (4/4)
 X - a phantom mirror


   Skills:
 - Level 11.2 Fighting
 - Level 12.2 Short Blades
 + Level 11.1 Axes
 - Level 9.2 Throwing
 - Level 13.0 Dodging
 - Level 10.3 Stealth
 - Level 5.1 Shields
 - Level 2.0 Spellcasting
 - Level 9.0 Hexes
 - Level 4.0 Translocations
 - Level 3.1 Evocations


You had 14 spell levels left.
You knew the following spells:

 Your Spells              Type           Power      Damage    Failure   Level
a - Blink                 Tloc           N/A        N/A       2%          2
b - Tukima's Dance        Hex            54%        N/A       1%          3

Your spell library contained the following spells:

 Spells                   Type           Power      Damage    Failure   Level
 Apportation              Tloc           52%        N/A       1%          1
 Corona                   Hex            60%        N/A       1%          1
 Ensorcelled Hibernation  Hex/Ice        58%        N/A       1%          2
 Portal Projectile        Hex/Tloc       82%        N/A       1%          3
 Dazzling Flash           Conj/Hex       58%        N/A       4%          3
 Lesser Beckoning         Tloc           13%        N/A       4%          3
 Animate Skeleton         Necr           6%         N/A       9%          1
 Summon Small Mammal      Summ           12%        N/A       9%          1
 Passwall                 Tmut/Erth      2%         N/A       13%         2
 Sublimation of Blood     Necr           1%         N/A       13%         2
 Wereblood                Tmut           3%         N/A       13%         2
 Passage of Golubria      Tloc           N/A        N/A       16%         4
 Conjure Flame            Conj/Fire      3%         6-21      26%         3
 Ignite Poison            Fire/Tmut/Pois 3%         N/A       26%         3
 Stone Arrow              Conj/Erth      6%         3d7       26%         3
 Swiftness                Air            3%         N/A       26%         3
 Invisibility             Hex            27%        N/A       30%         6
 Silence                  Hex/Air        14%        N/A       36%         5
 Yara's Violent Unravell  Hex/Tmut       14%        3d7       36%         5
 Manifold Assault         Tloc           26%        N/A       41%         5
 Sticky Flame             Conj/Fire      3%         2d3       63%         4
 Agony                    Necr           3%         N/A       93%         5
 Blade Hands              Tmut           1%         N/A       93%         5
 Excruciating Wounds      Necr           1%         N/A       93%         5
 Summon Hydra             Summ           1%         N/A       100%        7
 Lehudib's Crystal Spear  Conj/Erth      1%         10d2      100%        8
 Animate Armour           Summ/Erth      Unusable   N/A       N/A         4

Dungeon Overview and Level Annotations

Branches:
Dungeon (15/15)            Temple (1/1) D:4            Lair (6/6) D:10
 Shoals (0/4) Lair:4        Snake (0/4) Lair:3        Slime (0/5) Lair:5
    Orc (0/2) D:12         Vaults (0/5) D:14
 Depths: D:15

Altars:
Ashenzari
Cheibriados
Dithmenos
Elyvilon
Fedhas
Gozag
Hepliaklqana
Kikubaaqudgha
Makhleb
Nemelex Xobeh
Okawaru
Qazlal
Ru
Sif Muna
Trog
Uskayaw
Vehumet
Wu Jian
Xom
Yredelemnul
Zin
The Shining One
Jiyva

Shops:
D:3 *   D:5 *   D:8 *   Lair:2 (   Lair:3 =   Lair:5 *

Annotations:
D:7 1 runed translucent door, peterlawrence's ghost, novice MiFi


Innate Abilities, Weirdness & Mutations

You cannot wear most types of armour.
You are amphibious.
You can wear up to eight rings at the same time.
Your skin changes colour to match your surroundings (Stealth+).
Your rubbery body absorbs attacks. (AC +1, EV +1)
((You are camouflaged near water. (Stealth+)))
You have tentacles for arms and can constrict up to eight enemies at once.


Message History

You hit the two-headed ogre. You freeze the two-headed ogre.
You squeeze the two-headed ogre.
The two-headed ogre is severely wounded.
The two-headed ogre closely misses you. You block the two-headed ogre's attack.
The ogre mage gestures wildly while chanting.
The ogre mage flickers and vanishes for a moment.
A two-headed ogre comes into view. It is wielding two +0 giant clubs.
There is a stone staircase leading up here.
The two-headed ogre hits you with a +0 giant club!
* * * LOW HITPOINT WARNING * * *
You block the two-headed ogre's attack.
You fly upwards.
There is a stone staircase leading down here.
You start resting.
HP restored.
There is a gate to the Vaults here.
You need a rune to enter this place.
Done exploring.
Done exploring.
You see here a scroll of vulnerability.
There is a stone staircase leading down here.
You fly downwards.
The two-headed ogre hits you with a +0 giant spiked club!
The two-headed ogre misses you. You block the two-headed ogre's attack.
The two-headed ogre hits you with a +0 giant spiked club!
The two-headed ogre hits you with a +0 giant spiked club!!
The two-headed ogre closely misses you.
There is a stone staircase leading up, spattered with blood here.
You fly upwards.
There is a stone staircase leading down here.
You puncture the two-headed ogre! You freeze the two-headed ogre.
Your squeeze misses the two-headed ogre.
The two-headed ogre is moderately wounded.
The two-headed ogre hits you with a +0 giant club!!
The two-headed ogre hits you with a +0 giant spiked club!
* * * LOW HITPOINT WARNING * * *
The two-headed ogre closely misses you.
The two-headed ogre hits you with a +0 giant club!!
You die...
Your body crumbles into a pile of gold.

#..# #..# #...# #...........
##..# #..# #...# #...........
..(.# #..###...####...........
..[)######.......................
##....................)..........
#..........###..................
#.#######..# #...#####..........
#.# #..# #.OO# #.)........ #.#
#..# #.@.# #.......... #.# #..#
#...# #.......... #.# #..# #...#
#.......... #.## #..#
#...#####.......... ##..# #..#
#...##............. ....# #..#
#...##.####'##..... ....# #..#
#...##..##.⌠.##.... ...## #..#
#...###..##...##... ...# #..#
#...# ##..##...##..


You could see 2 two-headed ogres.

Vanquished Creatures
  Azrael (D:14)
  Josephine (D:11)
  A fire dragon (Lair:6)
  A boulder beetle (Lair:6)
  10 hydras
  An ice dragon (D:10)
  Erolcha (D:10)
  7 centaur warriors
  A catoblepas (D:9)
  2 death knights (D:14)
  3 two-headed ogres
  A tengu warrior (D:10)
  12 death yaks
  Sonja (Lair:5)
  A swamp dragon (Lair:6)
  A phantasmal warrior (D:14)
  5 deep elf pyromancers
  An orc knight (D:10)
  4 manticores
  An ugly thing (D:10)
  6 cyclopes
  An ice statue (D:10)
  5 centaur zombies
  22 elephants
  4 black mambas
  4 rime drakes
  2 gargoyles (D:13)
  16 cane toads
  2 kobold demonologists (D:10)
  2 unseen horrors (D:12)
  A freezing wraith (D:14)
  3 trolls (D:10)
  7 komodo dragons
  9 meliai
  4 slime creatures (D:13)
  9 blink frogs (Lair:3)
  36 dream sheep
  Sigmund (D:4)
  5 wyverns
  2 shadows (D:11)
  3 fire elementals (D:14)
  3 steam dragons (Lair:6)
  61 yaks
  8 wraiths
  A basilisk (Lair:6)
  8 vampire mosquitoes
  Menkaure (D:4)
  4 nagas (Lair:3)
  18 water moccasins
  2 hell hounds (D:14)
  An acid dragon (Lair:6)
  8 orc warriors
  2 ice beasts
  2 sky beasts
  A swamp drake (Lair:6)
  2 black bears
  A necrophage (D:7)
  A boggart (D:10)
  5 ogres
  8 centaurs
  26 wolves
  3 kobold brigands (D:9)
  14 bullfrogs
  A wyvern zombie (D:8)
  3 gnoll sergeants
  2 scorpions
  2 water moccasin zombies (D:6)
  13 killer bees
  5 wights (D:6)
  10 howler monkeys
  10 electric eels
  2 bullfrog zombies
  2 centaur skeletons
  6 hounds
  A jelly (D:6)
  12 orc priests
  A gnoll shaman (D:7)
  Terence (D:2)
  A bullfrog skeleton (D:6)
  6 iguanas
  Ijyb (D:4)
  Natasha (D:2)
  12 orc wizards
  13 hell rats
  A hound skeleton (D:5)
  3 howler monkey zombies
  16 gnolls
  14 adders
  9 river rats (Lair:2)
  A shadow imp (D:6)
  2 ufetubi (D:5)
  An adder skeleton (D:4)
  A worm (D:2)
  57 orcs
  7 endoplasms
  7 giant cockroaches
  12 goblins
  11 hobgoblins
  8 jackals
  A quokka (D:3)
  5 ball pythons
  3 bats
  3 frilled lizards
  24 kobolds
  8 rats
679 creatures vanquished.

Vanquished Creatures (collateral kills)
  A queen bee (Lair:2)
  3 orc warriors (D:13)
  11 killer bees (Lair:2)
  2 orc priests (D:13)
  7 orcs
24 creatures vanquished.

Vanquished Creatures (others)
  2 dancing weapons (D:14)
  An orc warrior (D:13)
  An iguana (Lair:6)
  39 fungi
  77 plants
120 creatures vanquished.

Grand Total: 823 creatures vanquished

Notes
Turn   | Place    | Note
-------+----------+-------------------------------------------
     0 | D:1      | Froggeryz the Octopode Brigand began the quest for the Orb.
     0 | D:1      | Reached XP level 1. HP: 14/14 MP: 1/1
   360 | D:1      | Reached XP level 2. HP: 19/19 MP: 2/2
   420 | D:1      | Found a faded altar of an unknown god.
  1250 | D:1      | Reached XP level 3. HP: 20/25 MP: 3/3
  1502 | D:2      | Reached XP level 4. HP: 30/30 MP: 4/4
  1693 | D:2      | Noticed Terence
  1707 | D:2      | Killed Terence
  1833 | D:2      | Reached XP level 5. HP: 21/36 MP: 5/5
  2076 | D:2      | Found a sacrificial altar of Ru.
  2350 | D:2      | Noticed Natasha
  2358 | D:2      | Killed Natasha
  2771 | D:3      | Reached skill level 5 in Short Blades
  3260 | D:3      | Reached XP level 6. HP: 32/43 MP: 6/6
  3392 | D:3      | Found Ziyp's General Store.
  3401 | D:3      | Bought 2 potions of degeneration for 24 gold pieces
  3852 | D:4      | Noticed Sigmund
  4158 | D:4      | Found a staircase to the Ecumenical Temple.
  4180 | Temple   | Entered the Ecumenical Temple
  4776 | D:4      | Killed Sigmund
  4777 | D:4      | Reached skill level 2 in Dodging
  4777 | D:4      | Reached XP level 7. HP: 48/48 MP: 7/7
  4813 | D:4      | Noticed Ijyb
  4816 | D:4      | Killed Ijyb
  4833 | D:4      | Found a broken altar of Ashenzari.
  4835 | D:4      | Found a glowing silver altar of Zin.
  5685 | D:5      | Entered Level 5 of the Dungeon
  5715 | D:5      | Reached skill level 3 in Dodging
  5994 | D:5      | Found a radiant altar of Vehumet.
  6094 | D:5      | Learned a level 2 spell: Blink
  6128 | D:5      | Noticed Menkaure
  6137 | D:4      | Killed Menkaure
  6138 | D:4      | Reached skill level 1 in Translocations
  6138 | D:4      | Reached XP level 8. HP: 54/54 MP: 7/9
  6164 | D:5      | Reached skill level 1 in Spellcasting
  6299 | D:5      | Found Xiaddaw's Assorted Antiques.
  6340 | D:5      | Bought 3 scrolls labelled TUGYN IROCE for 84 gold pieces
  6340 | D:5      | Bought a scroll labelled RARCHI BUZY for 28 gold pieces
  6340 | D:5      | Bought a scroll labelled YTHREI ZEFALA for 28 gold pieces
  6731 | D:5      | Reached skill level 1 in Evocations
  7080 | D:5      | Found an opulent altar of Gozag.
  7080 | D:5      | Found a sacrificial altar of Ru.
  7103 | D:5      | Became a worshipper of Gozag Ym Sagoz the Greedy
  7433 | D:6      | HP: 2/54 [water moccasin zombie (5)]
  7436 | D:6      | Noticed a cyclops
  7504 | D:6      | Reached XP level 9. HP: 17/58 MP: 12/12
  8336 | D:6      | Found a sparkling altar of Nemelex Xobeh.
  8771 | D:5      | Bought a buckler for 126 gold pieces
  8915 | D:5      | Reached skill level 1 in Shields
  9719 | D:5      | Reached skill level 10 in Short Blades
 10338 | D:5      | Bought a small agate ring for 140 gold pieces
 10456 | D:5      | Reached XP level 10. HP: 15/63 MP: 13/13
 10461 | D:5      | HP: 1/63 [yak (15)]
 11158 | D:5      | Reached skill level 5 in Shields
 11451 | D:6      | Killed a cyclops
 11862 | D:6      | Found a shimmering altar of Xom.
 11981 | D:7      | Noticed a deep elf pyromancer
 11985 | D:7      | Killed a deep elf pyromancer
 12219 | D:7      | Found a runed translucent door.
 12219 | D:7      | Noticed peterlawrence's ghost (novice MiFi)
 13411 | D:8      | Found a white marble altar of Elyvilon.
 13413 | D:8      | Found Qaezy's General Store.
 14373 | D:8      | Identified a scroll of acquirement
 14374 | D:8      | Acquired the ring "Ricawn" {Will+ rCorr MP+9}
 14498 | D:8      | Bought a scroll of magic mapping for 45 gold pieces
 14847 | D:9      | Noticed a catoblepas
 14854 | D:9      | Killed a catoblepas
 14855 | D:9      | Reached skill level 10 in Stealth
 14855 | D:9      | Reached XP level 11. HP: 69/69 MP: 14/14
 15407 | D:9      | Reached skill level 4 in Dodging
 15888 | D:9      | Noticed a two-headed ogre
 15918 | D:9      | Killed a two-headed ogre
 15919 | D:9      | Reached skill level 5 in Dodging
 16173 | D:10     | Entered Level 10 of the Dungeon
 16175 | D:10     | Noticed a deep elf pyromancer
 16180 | D:10     | Killed a deep elf pyromancer
 16181 | D:10     | Reached skill level 5 in Fighting
 16399 | D:10     | Reached skill level 6 in Dodging
 16491 | D:10     | Found a staircase to the Lair.
 16604 | D:10     | Noticed Erolcha
 16612 | D:10     | Killed Erolcha
 16613 | D:10     | Reached skill level 7 in Dodging
 16625 | D:10     | Noticed an ice dragon
 16629 | D:10     | Killed an ice dragon
 16693 | D:10     | Noticed a cyclops
 16695 | D:10     | Killed a cyclops
 16706 | D:10     | Reached skill level 8 in Dodging
 16706 | D:10     | Reached XP level 12. HP: 80/80 MP: 15/15
 16833 | D:10     | Noticed a tengu warrior
 16839 | D:10     | Noticed a four-headed hydra
 16839 | D:10     | Noticed a centaur warrior
 16851 | D:10     | Killed a tengu warrior
 16868 | D:10     | Killed a four-headed hydra
 16869 | D:10     | Reached skill level 9 in Dodging
 16869 | D:10     | Killed a centaur warrior
 16905 | D:10     | Identified the ring of Xeick {Fire Dex+2 Stlth+}
 17989 | Lair:1   | Entered Level 1 of the Lair of Beasts
 17999 | Lair:1   | Reached skill level 10 in Dodging
 19072 | Lair:1   | HP: 4/84 [poisoned by a killer bee]
 19593 | Lair:1   | Reached skill level 11 in Dodging
 19742 | Lair:2   | Noticed a six-headed hydra
 19780 | Lair:2   | Killed a six-headed hydra
 19819 | Lair:2   | Bought a brightly glowing short sword for 256 gold pieces
 19819 | Lair:2   | Identified the +6 short sword of Latiss {holy, rN+ MP+9
                  | Dex+4} (You bought it in a shop on level 2 of the Lair of
                  | Beasts)
 19860 | Lair:2   | Reached XP level 13. HP: 67/90 MP: 16/16
 21529 | Lair:2   | Learned a level 3 spell: Tukima's Dance
 21573 | Lair:3   | Reached skill level 12 in Dodging
 21573 | Lair:3   | Reached skill level 1 in Hexes
 22643 | Lair:3   | Reached skill level 10 in Fighting
 22852 | Lair:3   | Bought the ring of Peires {rPois rF+ rN+} for 649 gold
                  | pieces
 22852 | Lair:3   | Bought the ring of Voeshyuto {Fly rC+ Int+3 SInv} for 714
                  | gold pieces
 22991 | Lair:3   | Reached skill level 5 in Hexes
 23225 | Lair:3   | Found a staircase to the Snake Pit.
 24994 | Lair:3   | Reached XP level 14. HP: 75/99 MP: 17/17
 25986 | Lair:4   | Found a staircase to the Shoals.
 26135 | Lair:4   | Reached skill level 13 in Dodging
 27074 | Lair:5   | Noticed Sonja
 27081 | Lair:5   | Killed Sonja
 27444 | Lair:5   | Found a viscous altar of Jiyva.
 27444 | Lair:5   | Found a staircase to the Slime Pits.
 27748 | Lair:6   | Entered Level 6 of the Lair of Beasts
 29625 | Lair:4   | Reached skill level 1 in Axes
 31140 | Lair:6   | Reached skill level 5 in Axes
 32076 | Lair:6   | Reached XP level 15. HP: 66/107 MP: 18/18
 32780 | Lair:6   | Reached skill level 5 in Throwing
 33478 | Lair:5   | Bought a scroll of acquirement for 1508 gold pieces
 33478 | Lair:5   | Bought a murky pink potion for 26 gold pieces
 33479 | Lair:5   | Acquired 470 gold pieces
 33482 | Lair:5   | Bought a scroll of identify for 58 gold pieces
 33665 | D:11     | Noticed Josephine
 33684 | D:11     | Killed Josephine
 34614 | D:11     | Identified the +2 war axe of Conflict {vamp, rN+ rCorr}
 34843 | D:12     | Found a staircase to the Orcish Mines.
 37791 | D:14     | Reached skill level 10 in Axes
 38183 | D:14     | Found a gate to the Vaults.
 38295 | D:14     | Noticed Azrael
 38322 | D:14     | Killed Azrael
 39215 | D:14     | Reached XP level 16. HP: 100/112 MP: 19/19
 40134 | D:15     | Entered Level 15 of the Dungeon
 40537 | D:14     | Mangled by a two-headed ogre

Illustrated notes

Levels and vault maps discovered:
D:1:      sevenhm_arrival_forest_fort_small_5, layout_loops_corners,
          dreamdust_ecumenical_altar_hidden_monk_grotto, minmay_bisected
D:2:      layout_basic, basic_altar, minmay_hexomino_u4, uniq_natasha,
          uniq_terence
D:3:      layout_loops_ring, serial_shops, nicolae_diamond_shop,
          serial_park_tiny_1, kennysheep_generic_room_10
D:4:      layout_basic, chequers_temple_overflow_statue_of_worship,
          minmay_temple_entry_slanted, uniq_ijyb, uniq_sigmund
D:5:      layout_loops_corners, gammafunk_temple_overflow_wave,
          mainiacjoe_overflow_alcove_1, serial_shops, shop_statue,
          hangedman_decor_clover_reticule, st_stairs_4, uniq_menkaure
D:6:      layout_cave_pods, kennysheep_mini, xom_butterflies, bh_walls_and_bars
D:7:      layout_basic, hellmonk_ghost_happy_afterlife
D:8:      layout_rooms, mainiacjoe_overflow_concentric_impassable, serial_shops,
          nicolae_square_shop
D:9:      layout_basic
D:10:     layout_loops_ring, lair_entry_dummy, nicolae_wwwww,
          chequers_big_river, minivault_16, minmay_the_grid_2x2
          [minmay_the_grid_odd_star, minmay_the_grid_doors,
          minmay_the_grid_dragon_b,
          minmay_the_grid_prize_four_corners_diamond_b], uniq_erolcha
D:11:     minmay_skewed_foursquare, layout_cross, uniq_josephine
D:12:     layout_basic, erik_orc_3, chequers_garden
D:13:     layout_roguey [special_room_orc]
D:14:     layout_long_grid, erik_vaults_1, grunt_decor_arrowhead, kb_rosetta,
          uniq_azrael
D:15:     hangedman_depths_entry_civil_slaughter, layout_loops_ring,
          nicolae_vehumet_altar_sigil, gammafunk_ghost_tricky_traps
Temple:   jpeg_temple_clearing
Lair:1:   layout_roguey, serial_rivers, chequers_serial_rivers_large_a,
          chequers_serial_rivers_room_b, chequers_serial_rivers_room_b,
          chequers_serial_rivers_micro_c, chequers_serial_rivers_micro_b,
          chequers_serial_rivers_micro_b, lemuel_fruit_fields
Lair:2:   layout_gridlike, special_room [special_room_bee],
          kennysheep_abandoned_house, lemuel_fruit_fields, lemuel_fruit_fields,
          infiniplex_staircase_pool_2
Lair:3:   layout_chaotic_city, minmay_snake_entry_guardpost_large,
          grunt_megastairs_4
Lair:4:   layout_roguey, elwin_shoals_entry_rocks
Lair:5:   layout_layer_cave, slime_altar_1, wad_woods_road_03, minivault_24,
          uniq_sonja
Lair:6:   guppyfry_lair_end_dragon, layout_regular_city, st_stairs_5,
          minivault_26

Skill      XL: |  1  2  3  4  5  6  7  8  9 10 11 12 13 14 15 16 |
---------------+-------------------------------------------------+-----
Short Blades   | 3 4 5 6 7 8 10 12 | 12.2
Fighting       | 3 4 6 8 10 11 | 11.2
Dodging        | 2 3 8 11 12 13 | 13.0
Translocations | 1 3 4 |  4.0
Spellcasting   | 2 |  2.0
Evocations     | 2 3 |  3.1
Shields        | 4 5 |  5.1
Stealth        | 10 | 10.3
Hexes          | 6 9 |  9.0
Axes           | 6 10 11 | 11.1
Throwing       | 4 9 |  9.2

Action                   |  1- 3 |  4- 6 |  7- 9 | 10-12 | 13-15 | 16-18 || total
-------------------------+-------+-------+-------+-------+-------+-------++-------
Melee: Dagger            |    29 |   142 |   253 |   104 |     7 |       ||   535
       Constrict         |     6 |    38 |    40 |    63 |   144 |     3 ||   294
       Tentacles         |     4 |    28 |    61 |   121 |   651 |    28 ||   893
       Short sword       |       |       |       |   346 |  1560 |    59 ||  1965
 Fire: Hunting sling     |    47 |       |       |       |       |       ||    47
Throw: Dart              |     7 |    10 |    56 |    43 |    56 |       ||   172
       Boomerang         |       |       |       |     1 |    11 |       ||    12
 Cast: Blink             |       |       |       |       |    15 |       ||    15
Invok: Call Merchant     |       |       |       |     1 |     2 |       ||     3
Evoke: Wand              |       |       |    11 |     6 |     8 |       ||    25
       Lightning rod     |       |       |       |       |     2 |       ||     2
  Use: Potion            |       |     1 |     3 |     3 |     3 |       ||    10
       Scroll            |       |     2 |     8 |     8 |    15 |       ||    33
 Stab: Sleeping          |     4 |    16 |    15 |    62 |    34 |     5 ||   136
       Distracted        |       |     1 |     1 |     5 |    17 |       ||    24
       Paralysed         |       |       |     1 |     2 |       |       ||     3
Armor: Skin              |     6 |     4 |    16 |     6 |    13 |       ||    45
Dodge: Dodged            |    15 |    69 |   131 |   169 |   711 |    22 ||  1117
Block: Other             |       |       |    10 |     2 |       |       ||    12
       Buckler           |       |       |       |   138 |   511 |    19 ||   668
       Reflection        |       |       |       |     4 |     4 |     1 ||     9
